Map: Jagannatha LE

Players

ShoWTimE

  • Race: Protoss Protoss
  • Spawn Location: 1:00

ByuN - Winner!

  • Race: Terran Terran
  • Spawn Location: 7:00

Event: IEM Katowice 2021

VOD

Have the link to the VOD?

Description

Time

  • Played on: Feb. 22, 2021, 10:36 a.m.
  • Length: 11:52

All games in this series

Show
View Real Time Build Order
Export as new Build Order

ShoWTimE Protoss 

Build Orders: 1 Gate Expand, Blink Stalkers, Colossus Rush 

Get SALT Encoding   

  12  0:00  Probe  
  13  0:12  Probe  
  14  0:17  Pylon  
  14  0:24  Probe (Chrono Boost)  
  15  0:36  Probe (Chrono Boost)  
  15  0:38  Gateway  
  16  0:44  Probe (Chrono Boost)  
  16  0:47  Assimilator  
  17  0:50  Probe  
  18  1:03  Probe  
  19  1:15  Probe  
  20  1:25  Cybernetics Core  
  20  1:33  Nexus  
  20  1:39  Zealot (Chrono Boost)  
  22  1:46  Pylon  
  22  1:48  Probe  
  23  1:55  Assimilator  
  23  2:04  Stalker (Chrono Boost)  
  23  2:07  Warp Gate  
  25  2:08  Probe  
  26  2:20  Probe  
  26  2:29  Stalker (Chrono Boost)  
  26  2:33  Probe  
  29  2:47  Probe (Chrono Boost)  
  29  2:49  Probe (Chrono Boost)  
  31  2:57  Probe (Chrono Boost), Twilight Council  
  32  3:00  Probe (Chrono Boost)  
  32  3:02  Probe (Chrono Boost)  
  33  3:09  Probe (Chrono Boost)  
  33  3:11  Robotics Facility  
  34  3:13  Probe (Chrono Boost)  
  35  3:21  Gateway  
  35  3:25  Probe (Chrono Boost)  
  37  3:27  Probe (Chrono Boost)  
  37  3:31  Probe (Chrono Boost)  
  37  3:33  Shield Battery  
  37  3:34  Probe (Chrono Boost)  
  39  3:35  Blink (Chrono Boost)  
  39  3:39  Probe  
  40  3:45  Probe  
  41  3:49  Pylon  
  41  3:51  Probe  
  41  3:55  Assimilator  
  42  3:57  Assimilator  
  42  3:58  Probe  
  42  3:59  Observer (Chrono Boost)  
  44  4:04  Pylon  
  44  4:05  Probe  
  45  4:10  Probe  
  45  4:13  Stalker  
  48  4:17  Probe  
  48  4:22  Probe  
  51  4:29  Robotics Bay, Probe  
  51  4:30  Pylon  
  51  4:34  Probe, Observer  
  53  4:41  Probe  
  53  4:44  Stalker  
  56  4:46  Probe  
  56  4:47  Stalker  
  56  4:48  Pylon  
  58  4:53  Probe  
  58  4:58  Probe  
  60  5:05  Observer (Chrono Boost)  
  61  5:07  Observer  
  61  5:08  Nexus  
  61  5:09  Probe  
  61  5:11  Probe  
  63  5:21  Probe  
  63  5:23  Colossus (Chrono Boost), Probe  
  71  5:34  Probe  
  71  5:35  Probe  
  73  5:36  Charge  
  73  5:39  Gateway  
  73  5:42  Forge  
  73  5:46  Probe  
  73  5:47  Extended Thermal Lance, Probe  
  75  5:53  Pylon  
  75  5:54  Sentry  
  77  5:58  Probe  
  78  6:06  Pylon  
  78  6:09  Colossus (Chrono Boost)  
  83  6:12  Protoss Ground Weapons Level 1 (Chrono Boost)  
  83  6:13  Probe  
  83  6:14  Probe  
  83  6:15  Gateway  
  84  6:20  Sentry  
  84  6:23  Gateway  
  84  6:25  Probe x2  
  88  6:30  Gateway  
  88  6:31  Probe, Phoenix  
  89  6:37  Shield Battery  
  87  6:40  Shield Battery  
  87  6:41  Pylon  
  87  6:43  Probe x2  
  87  6:44  Sentry  
  91  6:48  Pylon  
  89  6:55  Colossus (Chrono Boost)  
  89  6:58  Probe x3  
  89  7:00  Assimilator  
  98  7:02  Assimilator  
  98  7:06  Pylon  
  98  7:10  Probe x2  
  98  7:12  Forge  
  100  7:18  Pylon  
  100  7:20  Zealot x4  
  108  7:27  Probe  
  109  7:31  Templar Archives  
  109  7:34  Pylon  
  109  7:35  Gateway x2  
  109  7:42  Zealot x3  
  115  7:44  Zealot  
  115  7:46  Zealot  
  115  7:50  Zealot  
  119  8:02  Zealot x3  
  119  8:04  Pylon  
  125  8:14  Zealot x3  
  125  8:19  Protoss Ground Armor Level 1 (Chrono Boost)  
  129  8:27  Gateway  
  129  8:29  Nexus, Cybernetics Core  
  129  8:30  Probe x3  
  129  8:31  Pylon  
  131  8:34  Zealot  
  131  8:39  High Templar x5  
  131  8:40  High Templar  
  145  8:42  Probe x2  
  145  8:44  Protoss Shields Level 1 (Chrono Boost)  
  145  8:46  Archon x3  
  147  8:50  Probe  
  147  8:54  Probe  
  149  8:57  Probe, Gateway  
  149  9:02  Probe  
  151  9:07  Zealot  
  149  9:10  Pylon  
  149  9:15  Pylon  
  148  9:22  Twilight Council  
  147  9:26  Probe x2  
  147  9:28  Stalker x3, Robotics Facility, Probe  
  147  9:30  Robotics Facility  
  156  9:36  High Templar x4  
  165  9:38  Probe  
  165  9:39  Probe  
  165  9:40  Archon x2  
  165  9:41  Zealot  
  165  9:44  Probe  
  154  9:46  Probe  
  154  9:51  Probe  
  134  9:56  Zealot x3  
  124  10:04  Probe x2  
  120  10:08  Stalker x5  
  120  10:11  Probe  
  120  10:13  Disruptor (Chrono Boost)  
  131  10:14  Photon Cannon, Disruptor (Chrono Boost)  
  131  10:16  Photon Cannon  
  131  10:19  Shield Battery  
  137  10:23  Probe x2  
  137  10:24  Probe  
  137  10:25  Photon Cannon  
  130  10:29  Probe  
  130  10:32  Photon Cannon  
  131  10:36  Probe  
  129  10:42  Zealot x3  
  129  10:43  Zealot  
  129  10:44  Disruptor (Chrono Boost)  
  129  10:46  Disruptor (Chrono Boost)  
  143  10:55  Probe  
  143  10:56  Probe  
  140  10:57  Probe  
  140  11:01  Zealot x2  
  145  11:07  Zealot x5  
  149  11:12  Disruptor  
  149  11:15  Cybernetics Core  
  143  11:22  Probe  
Show
View Real Time Build Order
Export as new Build Order

ByuN Terran - Winner!

Build Orders: Cyclone Opening 

Get SALT Encoding   

  12  0:00  SCV  
  13  0:12  SCV  
  14  0:18  Supply Depot  
  14  0:24  SCV  
  15  0:40  SCV, Barracks  
  16  0:47  Refinery  
  16  0:53  SCV  
  16  0:55  Refinery  
  17  1:05  SCV  
  18  1:17  SCV  
  19  1:27  Reaper  
  19  1:29  Orbital Command  
  20  1:43  Factory  
  20  1:54  SCV  
  20  1:55  Supply Depot  
  20  1:59  Reaper  
  22  2:06  SCV  
  23  2:19  SCV  
  24  2:28  Factory Tech Lab  
  24  2:30  Command Center  
  24  2:31  SCV  
  25  2:41  Supply Depot  
  25  2:43  SCV  
  26  2:50  Cyclone  
  29  2:56  SCV  
  30  3:01  Starport  
  30  3:08  SCV  
  31  3:20  SCV  
  31  3:24  Siege Tank  
  35  3:30  Barracks Reactor  
  35  3:32  SCV  
  36  3:43  Command Center  
  36  3:52  SCV  
  37  4:00  Orbital Command  
  37  4:03  Raven  
  37  4:04  SCV  
  37  4:07  Factory Tech Lab  
  37  4:08  Marine x2  
  42  4:12  Refinery  
  42  4:16  SCV  
  43  4:26  SCV  
  43  4:27  Marine, Siege Tank  
  43  4:28  SCV, Marine  
  50  4:34  Supply Depot  
  50  4:38  SCV  
  50  4:45  Marine  
  52  4:49  Barracks  
  52  4:50  SCV  
  52  4:52  SCV, Starport Reactor  
  54  4:55  Marine  
  54  4:56  Barracks  
  55  5:01  Orbital Command  
  55  5:03  Marine  
  56  5:07  Siege Tank  
  56  5:09  SCV  
  56  5:10  SCV  
  61  5:16  Marine  
  61  5:21  SCV, Marine  
  62  5:22  SCV  
  62  5:27  SCV  
  65  5:29  Engineering Bay  
  65  5:33  SCV  
  65  5:34  SCV, Marine  
  67  5:38  Marine  
  67  5:39  SCV  
  67  5:41  Supply Depot, Engineering Bay  
  69  5:44  Stimpack  
  69  5:49  SCV x2, Factory Reactor  
  71  5:51  Marauder  
  71  5:52  SCV  
  71  5:53  Marauder  
  71  5:56  Marine  
  77  6:00  Refinery  
  77  6:03  Marine, Terran Infantry Armor Level 1  
  78  6:12  Marine  
  78  6:14  Marine  
  78  6:15  Marauder  
  78  6:16  SCV x2, Supply Depot  
  78  6:18  Medivac, Supply Depot  
  83  6:23  Orbital Command  
  85  6:32  Marine  
  85  6:34  Marine  
  85  6:35  Terran Infantry Weapons Level 1  
  85  6:38  Marauder x2  
  85  6:39  SCV x2  
  91  6:41  Supply Depot  
  91  6:42  Supply Depot, Combat Shield  
  91  6:49  SCV  
  91  6:51  SCV x2, Barracks  
  91  6:52  Barracks  
  91  6:54  Medivac x2  
  98  7:00  Marauder  
  100  7:01  Marine  
  100  7:02  Marine  
  100  7:03  Marauder  
  100  7:06  SCV x2, Supply Depot  
  100  7:07  SCV  
  107  7:10  Widow Mine x2  
  111  7:18  SCV x2  
  111  7:19  SCV  
  111  7:21  Marauder, Marine  
  111  7:22  Armory  
  117  7:24  Concussive Shells  
  117  7:28  Medivac x2, Marauder, Marine  
  124  7:30  Supply Depot  
  124  7:33  SCV x3  
  127  7:39  Refinery x2  
  127  7:41  Barracks Reactor, Barracks Tech Lab  
  127  7:48  Marauder  
  127  7:49  Marine x2  
  127  7:50  Marauder  
  131  8:00  Widow Mine x2  
  131  8:04  Medivac  
  137  8:06  SCV x3  
  137  8:09  Supply Depot  
  137  8:11  Supply Depot x2  
  137  8:12  Marauder x2  
  141  8:13  Supply Depot  
  141  8:14  Marauder, Marine x2  
  134  8:25  Supply Depot  
  134  8:26  Marine x2  
  135  8:29  SCV x2  
  135  8:31  SCV  
  135  8:32  Marine  
  135  8:33  Marauder x2  
  143  8:36  Marine  
  143  8:39  Marauder  
  146  8:47  Sensor Tower  
  146  8:50  Marine x2  
  146  8:51  Marine  
  146  8:54  Command Center, Marine, Terran Infantry Weapons Level 2  
  146  8:55  Marauder  
  152  8:58  Terran Infantry Armor Level 2  
  152  9:06  Marauder x2  
  156  9:16  Marauder, Marine x2  
  160  9:27  Marauder x2  
  160  9:28  Ghost Academy  
  160  9:29  SCV x3, Starport  
  167  9:32  Missile Turret  
  167  9:33  Marine  
  167  9:37  Marauder  
  170  9:39  Missile Turret  
  169  9:49  Marauder  
  169  9:51  Marauder, Marine  
  169  9:52  Marine  
  169  9:59  Marauder, Marine  
  161  10:04  Widow Mine  
  150  10:08  Planetary Fortress  
  150  10:09  SCV x2  
  150  10:10  Marauder  
  150  10:12  Ghost  
  156  10:14  Marine  
  156  10:15  Marine x2  
  156  10:19  Ghost  
  161  10:25  Viking x2  
  161  10:26  Viking x2  
  169  10:31  Ghost  
  169  10:37  SCV x2  
  169  10:38  SCV  
  169  10:40  Ghost  
  169  10:41  Barracks  
  169  10:42  Command Center  
  174  10:44  Barracks  
  174  10:46  Barracks  
  174  10:48  Marine x3  
  174  10:49  Marauder  
  175  11:00  Marauder  
  175  11:02  Marine  
  167  11:09  Ghost  
  167  11:10  Marauder  
  161  11:20  Ghost  
  140  11:26  Marine x2  
  140  11:28  Marine x2  

Tags
 
Add a new tag
Caveats
  • Supply blocks, unpowered buildings, or Contaminate may cause inaccurate times.
  • Supply counts are checked every 10 seconds.